cohdb
Replays
Latest Replays
All Replays
Popular Replays
Top Player Replays
Match Explorer
How It Works
Community
CoH3 Stats
Reddit
Sign in to upload your games and track your stats! →
Sign in with Steam
Match 42769523
Unlisted
Match 42769523
Overview
Messages
Build Orders
End
Selects Breakthrough Battlegroup
Selects Breakthrough Battlegroup
Selects Breakthrough Battlegroup
Selects Assault Grenadiers
Kettenkrad Recon Vehicle
Construct Infanterie Kompanie
Grenadier Squad
Grenadier Squad
Grenadier Squad
Construct Panzergrenadier Kompanie
Selects Smoke Bombing Run
251 Medium Carrier
Panzergrenadier Squad
Altair
KIMCHISM
Just_lycannnnnnnnnnnnnnnnnnnnnnn
ZZZ
Dahlian
Random_Target
Bish Bash Bosh
Bass
0
0
Comments
sign in to comment!
No comments posted yet!